 Dungeon Crawl Stone Soup version 0.32-a0-128-g77eb882913 (webtiles) character file.

Game seed: 6413709155713382205

1896554 EnegeticOcto the Shapeless Octopus (level 27, 189/189 HPs)
             Began as an Octopode Shapeshifter on Feb 8, 2024.
             Was the Champion of Wu Jian.
             Escaped with the Orb
             ... and 3 runes
             ... and 1 gem!
             The game lasted 02:06:57 (63120 turns).

EnegeticOcto the Shapeless Octopus (OpSh)          Turns: 63120, Time: 02:06:57

Health: 189/189    AC: 35    Str: 14    XL:     27
Magic:  26/26      EV: 59    Int: 15    God:    Wu Jian [******]
Gold:   8388       SH:  0    Dex: 23    Spells: 19/30 levels left

rFire   + .          .
                       - Unarmed
rCold   + . .        E - melded +3 buckler
rNeg    + + .        z - melded +1 hat of Death's Door {rElec Regen+ Int-2 Dex+3}
rPois   ∞            G - amulet of regeneration
rElec   +            Q - ring "Awkoblod" {rF+ SInv}
rCorr   .            w - +4 ring of protection
SInv    +            N - +4 ring of protection
Will    +++..        B - ring of willpower
Stlth   +            X - ring of Mysticism {rC+ rN+}
HPRegen 1.31/turn    Z - +4 ring of protection
MPRegen 0.20/turn    T - +4 ring of protection
                     C - +4 ring of protection

%: no passive effects
@: storm-form, flying, studying Long Blades
A: cleaving, insubstantial, flying, almost no armour, amphibious, 8 rings,
(camouflage 1), (gelatinous body 1), (nimble swimmer 1), (tentacles), see
invisible, clumsy 1, deterioration 1, frail 1
0: Orb of Zot
}: 3/15 runes: barnacled, silver, gossamer
a: Blinkbolt, Begin Untransformation, Renounce Religion, Wall Jump, Serpent's
Lash, Heavenly Storm


You escaped.
You worshipped Wu Jian.
Wu Jian was exalted by your worship.
You were a lightning-filled tempest!
You visited 11 branches of the dungeon, and saw 51 of its levels.
You visited the Abyss 1 time.
You visited 1 ziggurat, and saw 10 of its levels.
You also visited: Bailey, Ice Cave and Desolation.

You collected 10504 gold pieces.
You spent 2116 gold pieces at shops.

Inventory:

Hand Weapons
 I - a +2 morningstar of distortion
   (You took it off a wight on level 8 of the Dungeon)
Missiles
 l - 10 curare-tipped darts
 O - 16 throwing nets {!f}
Armour
 z - the +1 hat of Death's Door (melded) {rElec Regen+ Int-2 Dex+3}
   (You acquired it on level 10 of the Dungeon)

   Int-2:     It affects your intelligence (-2).
   Dex+3:     It affects your dexterity (+3).
   rElec:     It insulates you from electricity.
   Regen+:    It increases your rate of health regeneration.
 E - a +3 buckler (melded)
   (You took it off an orc warrior on level 6 of the Dungeon)
Jewellery
 j - a ring of protection from fire
   (You found it on level 1 of the Spider Nest)
 w - a +4 ring of protection (right tentacle)
   (You found it on level 3 of the Vaults)
 y - the ring of Woshuj {rPois rCorr Int+3 Dex+2}
   (You found it in the Desolation of Salt)

   [ring of resist corrosion]

   Int+3:     It affects your intelligence (+3).
   Dex+2:     It affects your dexterity (+2).
   rPois:     It protects you from poison rCorr: It protects you from acid and
   corrosion.
 B - a ring of willpower (on tentacle)
   (You found it on level 3 of the Elven Halls)
 C - a +4 ring of protection (on tentacle)
   (You bought it in a shop on level 2 of the Orcish Mines)
 G - an amulet of regeneration (around neck)
   (You found it on level 8 of the Dungeon)
 N - a +4 ring of protection (on tentacle)
   (You took it off Kirke on level 1 of the Elven Halls)
 Q - the ring "Awkoblod" (left tentacle) {rF+ SInv}
   (You found it in the Desolation of Salt)

   [ring of see invisible]

   rF+:       It protects you from fire.
   SInv:      It lets you see invisible.
 T - a +4 ring of protection (on tentacle)
   (You found it on level 15 of the Dungeon)
 U - the amulet "Ilipeimm" {Acrobat rF+ Slay+3 Stlth+}
   (You found it on level 7 of a ziggurat)

   [amulet of the acrobat]

   Acrobat:   It increases your evasion while moving and waiting.
   Slay+3:    It affects your accuracy & damage with ranged weapons and melee
   (+3).
   rF+:       It protects you from fire.
   Stlth+:    It makes you more stealthy.
 X - the ring of Mysticism (on tentacle) {rC+ rN+}
   (You took it off a deep elf annihilator on level 3 of the Elven Halls)

   [ring of positive energy]

   rC+:       It protects you from cold.
   rN+:       It protects you from negative energy.
 Z - a +4 ring of protection (on tentacle)
   (You bought it in a shop on level 2 of the Orcish Mines)
Wands
 k - a wand of paralysis (51)
   (You took it off Ijyb on level 3 of the Dungeon)
 r - a wand of digging (42) {@v3}
   (You found it on level 3 of the Dungeon)
 D - a wand of polymorph (31)
   (You found it on level 7 of the Dungeon)
 F - a wand of mindburst (32)
   (You found it on level 7 of the Dungeon)
 H - a wand of quicksilver (22) {@v1}
   (You found it on level 8 of the Dungeon)
 L - a wand of iceblast (41) {@v2}
   (You found it on level 4 of the Shoals)
Scrolls
 g - 10 scrolls of vulnerability
 s - 12 scrolls of teleportation {@r3 !r}
 t - 7 scrolls of immolation
 v - 3 scrolls of revelation {@r5 !r}
 A - 4 scrolls of silence {!r}
 K - 9 scrolls of fog {!r}
 M - 3 scrolls of torment
 S - a scroll of blinking {@r4}
 V - 3 scrolls of poison {!r}
 W - 7 scrolls of fear {!r}
 Y - 3 scrolls of butterflies {!r}
Potions
 a - 8 potions of lignification {@q6}
 c - 7 potions of attraction
 d - 7 potions of mutation
 f - 22 potions of curing {@q1 !q}
 h - 7 potions of heal wounds {@q2 !q}
 i - 7 potions of haste {@q4 !q}
 m - 4 potions of might {@q3 !q}
 n - a potion of magic
 o - 2 potions of invisibility
 x - 5 potions of enlightenment
 J - 10 potions of ambrosia
 P - 5 potions of berserk rage
 R - 3 potions of resistance
Miscellaneous
 b - a phantom mirror
   (You found it on level 11 of the Dungeon)
 e - a tin of tremorstones (2/2)
   (You found it on level 11 of the Dungeon)
 p - a lightning rod (4/4)
   (You found it on level 11 of the Dungeon)
 q - a phial of floods
   (You found it on level 13 of the Dungeon)
 u - a sack of spiders
   (You found it on level 11 of the Dungeon)


   Skills:
 + Level 23.1 Fighting
 + Level 23.1 Dodging
 - Level 6.0 Stealth
 - Level 2.0 Shields
 + Level 23.1 Unarmed Combat
 - Level 2.0 Spellcasting
 - Level 3.0 Summonings
 - Level 10.0 Translocations
 - Level 11.0 Evocations
 O Level 27 Shapeshifting


You had 19 spell levels left.
You knew the following spells:

 Your Spells              Type           Power      Damage    Failure   Level
a - Apportation           Tloc           62%        N/A       1%          1
b - Summon Small Mammal   Summ           40%        N/A       6%          1
c - Vhi's Electric Charg  Tloc/Air       32%        N/A       28%         4
p - Passwall              Erth           1%         N/A       54%         3
Y - Blink                 Tloc           62%        N/A       1%          2

Your spell library contained the following spells:

 Spells                   Type           Power      Damage    Failure   Level
 Lesser Beckoning         Tloc           62%        N/A       1%          2
 Manifold Assault         Tloc           31%        N/A       3%          4
 Passage of Golubria      Tloc           31%        N/A       3%          4
 Momentum Strike          Conj/Tloc      32%        3d8       4%          2
 Volatile Blastmotes      Fire/Tloc      32%        2d12      9%          3
 Call Imp                 Summ           20%        N/A       10%         2
 Freeze                   Ice            4%         1d3       22%         1
 Kiss of Death            Conj/Necr      4%         2d5       22%         1
 Magic Dart               Conj           4%         1d3       22%         1
 Necrotise                Necr           4%         1d4       22%         1
 Sandblast                Erth           2%         2d4       22%         1
 Shock                    Conj/Air       4%         1d3       22%         1
 Slow                     Hex            4%         N/A       22%         1
 Sting                    Conj/Alch      4%         1d3       22%         1
 Dimensional Bullseye     Hex/Tloc       8%         N/A       28%         4
 Iskenderun's Mystic Bla  Conj/Tloc      16%        2d5       28%         4
 Cigotuvi's Dreadful Rot  Necr/Alch/Air  2%         N/A       32%         2
 Ensorcelled Hibernation  Hex/Ice        2%         N/A       32%         2
 Jinxbite                 Hex            2%         N/A       32%         2
 Mercury Vapours          Alch/Air       2%         N/A       32%         2
 Searing Ray              Conj           2%         2d4       32%         2
 Static Discharge         Conj/Air       2%         3-4/arc   32%         2
 Summon Ice Beast         Ice/Summ       6%         N/A       34%         3
 Summon Forest            Summ/Tloc      10%        N/A       38%         5
 Dispersal                Tloc           15%        N/A       50%         6
 Confusing Touch          Hex            1%         N/A       54%         3
 Frozen Ramparts          Ice            2%         1d1       54%         3
 Fugue of the Fallen      Necr           1%         N/A       54%         3
 Hailstorm                Conj/Ice       1%         3d5       54%         3
 Inner Flame              Hex/Fire       1%         N/A       54%         3
 Mephitic Cloud           Conj/Alch/Air  1%         N/A       54%         3
 Ozocubu's Armour         Ice            1%         N/A       54%         3
 Stone Arrow              Conj/Erth      2%         3d7       54%         3
 Swiftness                Air            1%         N/A       54%         3
 Tukima's Dance           Hex            1%         N/A       54%         3
 Vampiric Draining        Necr           1%         2d6       54%         3
 Martyr's Knell           Necr/Summ      6%         N/A       75%         4
 Summon Lightning Spire   Summ/Air       6%         N/A       75%         4
 Airstrike                Air            0%         2d(1-17)  91%         4
 Anguish                  Hex/Necr       0%         N/A       91%         4
 Brom's Barrelling Bould  Conj/Erth      1%         2d3       91%         4
 Cause Fear               Hex            0%         N/A       91%         4
 Dispel Undead            Necr           1%         3d6       91%         4
 Flame Wave               Conj/Fire      1%         2d4       91%         4
 Fulminant Prism          Conj/Alch      0%         3d5       91%         4
 Ignite Poison            Fire/Alch      1%         N/A       91%         4
 Olgreb's Toxic Radiance  Alch           1%         N/A       91%         4
 Sticky Flame             Fire/Alch      1%         2d4       91%         4
 Summon Mana Viper        Hex/Summ       6%         N/A       97%         5
 Arcjolt                  Conj/Air       0%         1d10      99%         5
 Curse of Agony           Necr           1%         N/A       99%         5
 Fireball                 Conj/Fire      0%         3d3       99%         5
 Freezing Cloud           Conj/Ice/Air   0%         6-21      99%         5
 Lee's Rapid Deconstruct  Erth           0%         3d4*      99%         5
 Silence                  Hex/Air        0%         N/A       99%         5
 Yara's Violent Unravell  Hex/Alch       0%         3d3       99%         5
 Eringya's Noxious Bog    Alch           0%         4d6       100%        6
 Plasma Beam              Fire/Air       0%         2x1d10    100%        6
 Sculpt Simulacrum        Ice/Alch       0%         N/A       100%        6
 Summon Cactus Giant      Summ           5%         N/A       100%        6
 Enfeeble                 Hex            0%         N/A       100%        7
 Malign Gateway           Summ/Tloc      10%        N/A       100%        7
 Ozocubu's Refrigeration  Ice            0%         4d7       100%        7
 Summon Hydra             Summ           5%         N/A       100%        7
 Discord                  Hex            0%         N/A       100%        8
 Disjunction              Tloc           15%        N/A       100%        8
 Lehudib's Crystal Spear  Conj/Erth      0%         10d2      100%        8
 Maxwell's Capacitive Co  Air            0%         ∞         100%        8
 Summon Horrible Things   Summ           5%         N/A       100%        8
 Chain Lightning          Conj/Air       0%         2d1       100%        9
 Fire Storm               Conj/Fire      0%         6d1       100%        9
 Polar Vortex             Ice            0%         N/A       100%        9
 Shatter                  Erth           0%         3d5*      100%        9
 Animate Armour           Summ/Erth      Unusable   N/A       N/A         4

Dungeon Overview and Level Annotations

Branches:
Dungeon (15/15)            Temple (1/1) D:5            Lair (5/5) D:9
 Shoals (4/4) Lair:3       Spider (4/4) Lair:3          Orc (2/2) D:9
    Elf (3/3) Orc:2        Vaults (5/5) D:14          Crypt (3/3) Vaults:2
   Tomb (0/3) Crypt:3      Depths (4/4) D:15            Zot (5/5) Depths:4
 Bailey (visited)           IceCv (visited)         Desolation (visited)
  Slime: Lair:4-5

Altars:
Ashenzari
Cheibriados
Dithmenos
Elyvilon
Fedhas
Gozag
Hepliaklqana
Kikubaaqudgha
Makhleb
Nemelex Xobeh
Okawaru
Qazlal
Ru
Sif Muna
Trog
Uskayaw
Vehumet
Wu Jian
Xom
Yredelemnul
Zin
The Shining One

Shops:
D:5 (   D:6 [   D:9 *   D:15 (   Orc:2 =([!   Elf:1 *   Vaults:2 [:
Vaults:3 [   Vaults:5 ?[   Depths:3 ((

Portals:
Hell: Depths:1 Depths:2 Depths:3 Depths:4
Abyss: Depths:1 Depths:3
Pandemonium: Depths:2

Annotations:
Elf:1 3 runed translucent doors, exclusion: obsidian statue, Leissi's ghost, adept DjHW
Elf:2 3 runed translucent doors
Depths:1 2 transporters, Xiaz's ghost, veteran KoBr
Zot:4 3 runed translucent doors, Befigh's ghost, legendary HOFi


Innate Abilities, Weirdness & Mutations

You are a lightning-filled tempest!
Your electrical attacks strike out in all directions at once.
You are incredibly evasive.
Your insubstantial body is immune to petrification, constriction, and being set on fire You are flying.
Your armour is entirely melded.
You are incapable of wielding weapons or throwing items.
You cannot wear most types of armour.
You are amphibious.
You can wear up to eight rings at the same time.
You are immune to poison.
((Your skin changes colour to match your surroundings (Stealth+).))
((Your rubbery body absorbs attacks. (AC +1, EV +1)))
((You are camouflaged when in or above water. (Stealth+)))
((You have tentacles for arms and can constrict up to eight enemies at once.))
You have supernaturally acute eyesight. (SInv)
You are clumsy. (Dex -2)
Your body sometimes deteriorates upon taking damage.
You are frail. (-10% HP)


Message History

Where to? (Tab/Enter - D:1 @ (x,y), ? - help) HP restored.
There is a stone staircase leading up here.
You fly upwards.
There is a stone staircase leading down here.
Magic restored.
An Orabbaa, an ice devil and a lich come into view.
Unknown command.
Unknown command.
Aiming: Blinkbolt
Press: ? - help, Q - select action, (/) - cycle Dir - move target, f - Orabbaa
Aim: Orabbaa (90% to hit)
Okay, then.
Unknown command.
Unknown command.
Aiming: Blinkbolt
Press: ? - help, Q - select action, (/) - cycle Dir - move target, f - Orabbaa
Aim: Orabbaa (90% to hit)
Okay, then.
Unknown command.
A hellwing comes into view.
The lich shouts!
Blink to where?
Press: ? - help, Dir - move target
As you read the scroll of blinking {@r4}, it crumbles to dust.
You fly upwards.
There is a stone staircase leading down here.
(D) Dungeon (T) Temple (L) Lair (A) Shoals (N) Spider Nest (O) Orcish Mines (E) Elven Halls (V) Vaults (C) Crypt (W) Tomb (U) Depths (H) Hell (Z) Zot
Where to? (Tab/Enter - D:1 @ (x,y), ? - help)
A sun demon comes into view.
Unknown command.
Aiming: Blinkbolt
Press: ? - help, Q - select action, (/) - cycle Dir - move target, f - sun demon
Aim: a sun demon (94% to hit)
The shock of your passage hits the sun demon!!
The sun demon resists.
The sun demon is severely wounded.
You blink.
You hit the sun demon but do no damage.
The sun demon is severely wounded.
A sun demon comes into view.
The sun demon completely misses you.
You blast the sun demon!!!
You kill the sun demon!
The Council accepts your kill.
You hit the sun demon but do no damage.
You hear a shout!
You completely miss the sun demon. You punch the sun demon.
The sun demon is lightly wounded.
The sun demon completely misses you.
A sun demon comes into view.
You buffet the sun demon!
You punch the sun demon!
The sun demon is moderately wounded.
You batter the sun demon!!
The sun demon is heavily wounded.
You batter the sun demon!!
A sun demon comes into view.
You buffet the sun demon!
You kill the sun demon!
The Council accepts your kill.
You batter the sun demon!! The sun demon misses you.
You batter the sun demon!!
You kill the sun demon!
The Council accepts your kill.
You buffet the sun demon!
You punch the sun demon.
The sun demon is moderately wounded.
The sun demon misses you.
You blast the sun demon!!!
You kill the sun demon!
The Council accepts your kill.
A balrug comes into view.
It is wielding a +0 demon whip of electrocution.
You barely miss the balrug. The balrug completely misses you.
You blast the balrug!!!
Lightning courses through the balrug!! You punch the balrug.
You kill the balrug!
The Council accepts your kill.
No target in view!
(D) Dungeon (T) Temple (L) Lair (A) Shoals (N) Spider Nest (O) Orcish Mines (E) Elven Halls (V) Vaults (C) Crypt (W) Tomb (U) Depths (H) Hell (Z) Zot
Where to? (Tab/Enter - D:1 @ (x,y), ? - help)
You see here a +0 demon whip of electrocution.
There is a stone staircase leading up here.
You fly upwards.
You feel energetic enough to blinkbolt again.
There is a stone staircase leading down here.
There is a stone staircase leading up here.
You fly upwards.
There is a stone staircase leading down here.
You see here a +0 dagger.
You see here a +0 scale mail.
You reach down and open the door.
There is an open door here.
There is a staircase leading out of the dungeon here.
Unknown command.
You have escaped!

##### ######.v.######
###.............###
###.............[...###
#.'.................'.#
#.#.................#.#
##.###.............###.##
#..# ###.........### #..#
#.## ###.....### ##.# #.#
###.........### #[#


There were no monsters in sight!

Vanquished Creatures
  2 pandemonium lords
  4 orbs of fire
  3 dread liches
  2 ancient liches
  A juggernaut (Depths:4)
  Vv (Crypt:2)
  The ghost of Qebu the Impregnable, a legendary GrFi of Qazlal (Zot:2)
  Boris (Crypt:2)
  Sojobo (Vaults:3)
  Parghit (Zot:1)
  3 Killer Klowns (Zot:5)
  2 caustic shrikes
  3 curse toes
  6 golden dragons
  Nikola (Spider:4)
  3 doom hounds
  A Brimstone Fiend (D:14)
  Zenata (Crypt:1)
  The ghost of Minguic the Brawler, an adept TrHW of Okawaru (Spider:3)
  Rupert (D:12)
  A Tzitzimitl (Zig:4)
  An iron giant (Zot:2)
  13 tentacled monstrosities
  2 bone dragons (Depths:4)
  An electric golem (Zot:3)
  6 liches
  2 Hell Sentinels
  Mlioglotl (Shoals:1)
  Grunn (Depths:2)
  A walking crystal tome (Depths:1)
  19 Orb Guardians
  4 quicksilver dragons
  A tainted leviathan (Zig:4)
  4 deep elf blademasters (Elf:3)
  11 titans
  6 sphinxes
  3 acid blobs (Zig:7)
  A kraken (Shoals:2)
  3 deep elf master archers (Elf:3)
  13 death cobs
  Polyphemus (Shoals:2)
  Agnes (Spider:2)
  15 shadow dragons
  Kirke (Elf:1)
  Frances (Shoals:1)
  9 tengu reavers
  17 storm dragons
  A rockslime (Zig:7)
  Roxanne (Shoals:3)
  Ilsuiw (Shoals:2)
  A daeva (D:12)
  A fenstrider witch (Zig:9)
  An azure jelly (Zig:7)
  Aizul (Elf:1)
  2 revenants (Crypt:1)
  14 fire giants
  2 draconian knights
  11 protean progenitors
  5 draconian monks
  21 vault wardens
  3 emperor scorpions
  5 deep elf elementalists (Elf:3)
  14 deep elf sorcerers
  4 draconian scorchers
  11 frost giants
  2 draconian shifters
  3 imperial myrmidons (Desolation)
  4 balrugs
  8 ghost moths
  9 orc warlords
  A ghoul (Crypt:1)
  3 draconian stormcallers
  3 curse skulls
  19 ironbound preservers
  A demonspawn corrupter (Zig:5)
  6 draconian annihilators
  An angel (D:14)
  A formless jellyfish (Vaults:2)
  3 spriggan defenders (Depths:1)
  A reaper (Depths:1)
  4 ironbound thunderhulks
  20 stone giants
  6 green draconians
  A broodmother (shapeshifter) (Vaults:5)
  An elemental wellspring (Shoals:1)
  10 very ugly things
  7 vampire knights
  2 demonspawn black suns (Zig:3)
  13 dire elephants
  8 deep elf death magi
  8 white draconians
  4 war gargoyles
  11 yellow draconians
  8 black draconians
  8 deep elf annihilators (Elf:3)
  7 deep elf demonologists
  2 halazid warlocks (Desolation)
  2 eleionomae (Zig:9)
  A starcursed mass (Zig:2)
  6 spark wasps
  10 purple draconians
  8 red draconians
  2 blizzard demons (Zig:5)
  3 crystal guardians
  3 eidola
  7 merfolk javelineers
  7 jiangshi
  11 deep elf high priests
  11 ettins
  An entropy weaver (shapeshifter) (D:14)
  Josephine (D:11)
  4 fire dragons
  5 ragged hierophants (Desolation)
  10 yaktaur captains
  9 merfolk impalers
  Fannar (D:10)
  10 entropy weavers
  3 great orbs of eyes
  10 ice dragons
  A salamander tyrant (Depths:4)
  8 servants of whispers (Desolation)
  30 vault guards
  8 ironbound frosthearts
  A hell beast (Zig:5)
  4 spriggan air magi
  6 peacekeepers (Desolation)
  A sphinx zombie (D:15)
  3 merfolk avatars
  3 hydras
  An alligator (Zig:9)
  A catoblepas (Shoals:2)
  2 fenstrider witch skeletons
  11 centaur warriors
  12 dancing weapons
  A death knight (D:14)
  A satyr (Shoals:3)
  2 jorogumos
  17 two-headed ogres
  4 hell hogs (D:12)
  7 boulder beetles
  4 ogre magi
  An alligator snapping turtle (Shoals:4)
  3 merfolk aquamancers (Shoals:4)
  16 demonic crawlers
  A thrashing horror (Zig:2)
  10 death yaks
  4 vampire magi
  An azure jelly zombie (Crypt:1)
  9 deep troll shamans
  10 tengu warriors
  9 orc high priests
  8 deep troll earth magi
  14 hell knights
  A shock serpent (shapeshifter) (Vaults:4)
  7 soul eaters
  4 occultists
  6 sun demons
  Nergalle (D:12)
  4 spriggan berserkers
  2 storm dragon zombies
  A shadow wraith (Crypt:3)
  4 pharaoh ants
  10 deep elf knights
  23 skeletal warriors
  9 iron trolls
  A wretched star (Zig:2)
  56 deep trolls
  5 skysharks
  5 orb spiders
  A storm dragon skeleton (Zot:1)
  2 death drakes (Zot:1)
  12 flayed ghosts
  5 arcanists
  A mana viper (shapeshifter) (Elf:1)
  The ghost of temitten the Trooper, a novice OnFE of Sif Muna (D:6)
  A salamander mystic (Depths:4)
  3 goliath frogs
  2 spriggan druids (Depths:4)
  2 glowing orange brains (Zot:1)
  A shadow demon (Depths:2)
  2 swamp dragons (Zig:9)
  2 obsidian statues
  14 sea snakes
  4 orange crystal statues
  17 phantasmal warriors
  6 lindwurms
  12 steelbarb worms
  A sun moth (Spider:3)
  A steelbarb worm (shapeshifter) (Vaults:5)
  21 ironbound convokers
  An anaconda skeleton (Crypt:3)
  10 deep elf archers
  Pikel (D:8)
  25 harpies
  21 deep elf pyromancers
  23 orc knights
  A bunyip skeleton (Crypt:3)
  2 necromancers
  10 orc sorcerers
  15 deep elf zephyrmancers
  A salamander (shapeshifter) (D:14)
  16 wolf spiders
  43 ugly things
  5 oklob plants (Zot:4)
  A lightning spire (Zot:4)
  6 manticores
  A faun (shapeshifter) (Vaults:5)
  5 fauns
  A meliai (shapeshifter) (Elf:1)
  26 moths of wrath
  6 salamanders (Depths:4)
  An eleionoma skeleton (Crypt:2)
  6 kobold blastminers
  A meliai (Lair:3)
  7 cyclopes
  2 guardian serpents (Desolation)
  A rust devil (D:5)
  19 water nymphs
  Joseph (D:8)
  7 smoke demons (Crypt:3)
  5 black mambas
  An alligator snapping turtle zombie (Crypt:1)
  A cane toad (shapeshifter) (D:15)
  7 merfolk sirens
  21 vault sentinels
  6 torpor snails
  12 cane toads
  The ghost of YordlordTheGreat the Cudgeller, a novice HuCA of Ignis (D:5)
  8 gargoyles
  A kobold demonologist (D:12)
  3 hellions
  7 komodo dragons
  A yaktaur (shapeshifter) (Vaults:3)
  An iron troll zombie (Crypt:1)
  3 unseen horrors
  5 freezing wraiths
  A tormentor (Depths:2)
  A sea snake zombie (Crypt:1)
  5 tengu conjurers
  An ice devil (Zot:4)
  2 rime drakes
  2 guardian mummies (Crypt:3)
  17 yaktaurs
  3 polar bears
  A bloated husk (Zig:9)
  A queen bee (Lair:1)
  3 trolls (shapeshifter)
  17 merfolk
  9 hornets
  10 wind drakes
  A queen bee (shapeshifter) (D:14)
  9 trolls
  A tarantella (shapeshifter) (Depths:4)
  51 saltlings (Desolation)
  24 tarantellas
  20 blink frogs
  A dream sheep (shapeshifter) (Depths:1)
  10 dream sheep
  A tarantella zombie (Crypt:2)
  A meliai zombie (Crypt:1)
  6 snapping turtles
  28 jumping spiders
  17 culicivoras
  4 spriggans
  2 glass eyes
  26 slime creatures
  5 shadows
  2 centaur simulacra
  26 yaks
  30 water elementals
  14 air elementals
  A spriggan (shapeshifter) (Vaults:5)
  A wyvern (shapeshifter) (D:15)
  2 wyverns
  A yak (shapeshifter) (Elf:1)
  2 ynoxinuls
  2 hogs (Elf:1)
  15 wraiths
  3 golden eyes (D:7)
  4 basilisks
  53 redbacks
  11 vampire mosquitoes
  A neqoxec (Zot:4)
  6 wargs
  A steam dragon (Lair:3)
  A chaos spawn (D:14)
  2 acid dragons
  An iron troll simulacrum (Crypt:1)
  A naga skeleton (Crypt:3)
  A water moccasin (shapeshifter) (D:14)
  6 water moccasins
  6 ice beasts
  28 laughing skulls
  2 sky beasts (D:7)
  33 orc warriors
  15 ogres
  10 boggarts
  21 wolves
  6 centaurs
  2 phantoms
  6 kobold brigands
  Blork the orc (D:6)
  A fire crab zombie (Crypt:1)
  2 necrophages (Crypt:1)
  14 bullfrogs
  12 gnoll sergeants
  3 earth elementals
  A deep troll simulacrum (Crypt:1)
  An elf skeleton (Crypt:2)
  A scorpion (D:5)
  A wyvern skeleton (Crypt:2)
  6 wights
  A warg skeleton (Crypt:1)
  27 killer bees
  6 spriggan skeletons
  A troll skeleton (D:11)
  9 howler monkeys
  A polar bear skeleton (Crypt:2)
  8 electric eels
  3 quasits (D:7)
  3 jellies
  7 gnoll boudas (Bailey)
  21 orc priests
  8 hounds
  Ijyb (D:3)
  A sleepcap (D:8)
  Terence (D:3)
  3 iguanas
  31 orc wizards
  A sky beast zombie (Crypt:1)
  A hound zombie (Crypt:1)
  11 mummies (Crypt:3)
  29 gnolls
  13 adders
  4 shadow imps (D:7)
  15 white imps
  8 ufetubi
  A jelly zombie (Crypt:1)
  3 dart slugs
  5 ribbon worms
  75 orcs
  12 bats
  12 endoplasms
  8 goblins
  4 hobgoblins
  2 jackals (D:4)
  22 kobolds
  3 quokkas
  7 ball pythons
  A frilled lizard (D:1)
  A frilled lizard skeleton (Crypt:2)
  7 rats
  6 aspiring fleshes
  3 tentacles (Shoals:2)
2424 creatures vanquished.

Vanquished Creatures (collateral kills)
  A white imp (D:6)
  An ufetubus (D:5)
  2 orcs (D:9)
4 creatures vanquished.

Vanquished Creatures (others)
  A quicksilver dragon (Vaults:5)
  A fenstrider witch (Zig:9)
  2 fire giants (Depths:3)
  A stone giant (Depths:4)
  An eleionoma (Zig:9)
  2 jiangshi (Crypt:2)
  A hydra (Zig:9)
  A boulder beetle (Spider:4)
  A shadow wraith (Crypt:2)
  2 wolf spiders (Spider:4)
  A tarantella (Spider:4)
  2 culicivoras (Spider:4)
  A water elemental (Shoals:4)
  An air elemental (Shoals:4)
  5 redbacks (Spider:4)
  4 laughing skulls (Crypt:2)
  An orc (Orc:1)
  A tentacle (Shoals:2)
29 creatures vanquished.

Grand Total: 2457 creatures vanquished

Notes
Turn   | Place    | Note
-------+----------+-------------------------------------------
     0 | D:1      | EnegeticOcto the Octopode Shapeshifter began the quest for
                  | the Orb.
     0 | D:1      | Reached XP level 1. HP: 13/13 MP: 1/1
    82 | D:1      | Reached skill level 1 in Stealth
   115 | D:1      | Reached XP level 2. HP: 16/18 MP: 2/2
   259 | D:1      | Reached skill level 2 in Stealth
   499 | D:2      | Reached XP level 3. HP: 20/23 MP: 3/3
   578 | D:2      | Reached skill level 3 in Stealth
   881 | D:2      | Reached skill level 4 in Unarmed Combat
   881 | D:2      | Reached XP level 4. HP: 7/28 MP: 4/4
  1257 | D:2      | Reached skill level 4 in Stealth
  1412 | D:2      | Found a faded altar of an unknown god.
  1487 | D:3      | Noticed Ijyb
  1495 | D:3      | Killed Ijyb
  1496 | D:3      | Reached XP level 5. HP: 33/33 MP: 5/5
  2101 | D:3      | Found a blossoming altar of Fedhas.
  2101 | D:3      | Noticed Terence
  2117 | D:3      | Killed Terence
  2118 | D:3      | Reached skill level 2 in Fighting
  2270 | D:4      | Reached skill level 1 in Evocations
  2368 | D:3      | Reached XP level 6. HP: 27/39 MP: 6/6
  2561 | D:4      | Reached skill level 3 in Dodging
  2873 | D:4      | Learned a level 1 spell: Apportation
  2875 | D:4      | Learned a level 1 spell: Summon Small Mammal
  2941 | D:4      | Found a burning altar of Makhleb.
  3027 | D:4      | Reached skill level 2 in Evocations
  3349 | D:4      | Found a broken altar of Ashenzari.
  3353 | D:4      | Saw a vision of the Shoals and the Spider Nest.
  3353 | D:4      | Noticed a tarantella
  3353 | D:4      | Noticed an entropy weaver
  3353 | D:4      | Noticed a kraken
  3353 | D:4      | Noticed a steelbarb worm
  3353 | D:4      | Noticed an entropy weaver
  3353 | D:4      | Noticed a jumping spider
  3353 | D:4      | Noticed an entropy weaver
  3353 | D:4      | Noticed a culicivora
  3353 | D:4      | Noticed a manticore
  3353 | D:4      | Noticed a wolf spider
  3353 | D:4      | Noticed a merfolk siren
  3353 | D:4      | Noticed a manticore
  3353 | D:4      | Noticed a jumping spider
  3353 | D:4      | Noticed a merfolk impaler
  3388 | D:4      | Noticed a pharaoh ant
  3389 | D:4      | Noticed a jumping spider
  3389 | D:4      | Noticed a culicivora
  3390 | D:4      | Noticed a tarantella
  3390 | D:4      | Noticed a culicivora
  3390 | D:4      | Noticed a steelbarb worm
  3463 | D:5      | Entered Level 5 of the Dungeon
  3478 | D:5      | Noticed an ice beast
  3495 | D:5      | Found Abouvoze's Weapon Emporium.
  3502 | D:5      | Bought 2 curare-tipped darts for 33 gold pieces
  3503 | D:5      | Found a white marble altar of Elyvilon.
  3504 | D:5      | Found a shimmering altar of Xom.
  3505 | D:5      | Found a stormy altar of Qazlal.
  3506 | D:5      | Found an ancient bone altar of Kikubaaqudgha.
  3522 | D:5      | Found an iron altar of Okawaru.
  3666 | D:5      | Reached skill level 1 in Summonings
  3812 | D:5      | Reached skill level 3 in Fighting
  3812 | D:5      | Reached XP level 7. HP: 42/46 MP: 5/7
  3857 | D:5      | Reached skill level 2 in Summonings
  3857 | D:5      | Reached skill level 4 in Shapeshifting
  3966 | D:5      | Found a runed translucent gate.
  3966 | D:5      | Noticed YordlordTheGreat's ghost (novice HuCA)
  3967 | D:5      | Found a runed translucent gate.
  3968 | D:5      | Found a runed translucent gate.
  4147 | D:5      | Reached skill level 3 in Evocations
  4313 | D:5      | Reached skill level 4 in Dodging
  4337 | D:5      | Reached skill level 4 in Fighting
  4337 | D:5      | Reached XP level 8. HP: 54/54 MP: 8/8
  5144 | D:5      | Found a staircase to the Ecumenical Temple.
  5153 | Temple   | Entered the Ecumenical Temple
  5160 | Temple   | Became a worshipper of the Wu Jian Council
  5692 | D:6      | Reached skill level 5 in Shapeshifting
  5714 | D:6      | Reached skill level 5 in Dodging
  5830 | D:6      | Found Haymon's Dragon-Slaying Spoils.
  5882 | D:6      | Reached skill level 5 in Fighting
  6002 | D:6      | Noticed Blork the orc
  6035 | D:6      | Found a runed translucent door.
  6053 | D:6      | Noticed temitten's ghost (novice OnFE)
  6462 | D:6      | Found a hazy altar of Hepliaklqana.
  6462 | D:6      | Found an iron altar of Okawaru.
  6463 | D:6      | Found a glowing silver altar of Zin.
  6463 | D:6      | Noticed a slime creature
  6490 | D:6      | Reached skill level 6 in Shapeshifting
  6527 | D:6      | Found a broken altar of Ashenzari.
  6527 | D:6      | Found an opulent altar of Gozag.
  6527 | D:6      | Found a sacrificial altar of Ru.
  6527 | D:6      | Noticed a slime creature
  6635 | D:6      | Killed Blork the orc
  6636 | D:6      | Reached skill level 6 in Fighting
  6636 | D:6      | Reached XP level 9. HP: 52/62 MP: 9/9
  6938 | D:7      | Reached * piety under Wu Jian
  7062 | D:7      | Found a shadowy altar of Dithmenos.
  7295 | D:7      | Reached skill level 1 in Spellcasting
  7622 | D:6      | Reached skill level 3 in Summonings
  7670 | D:7      | Reached skill level 2 in Spellcasting
  7909 | D:7      | Reached skill level 7 in Fighting
  7911 | D:7      | Reached skill level 7 in Shapeshifting
  8033 | D:8      | Noticed Pikel
  8054 | D:8      | Killed Pikel
  8175 | D:8      | Reached XP level 10. HP: 54/71 MP: 13/13
  8282 | D:8      | Reached skill level 5 in Unarmed Combat
  8293 | D:8      | Noticed Joseph
  8377 | D:8      | Killed Joseph
  8378 | D:8      | Reached skill level 6 in Dodging
  8503 | D:8      | Found a shimmering blue altar of Sif Muna.
  8618 | D:9      | Found Heler's General Store.
  8633 | D:9      | Bought 2 potions of heal wounds for 160 gold pieces
  8633 | D:9      | Bought a wand of paralysis (3) for 115 gold pieces
  8701 | D:9      | Reached ** piety under Wu Jian
  8738 | D:9      | Noticed a two-headed ogre
  8836 | D:9      | Reached skill level 8 in Fighting
  8936 | D:9      | Reached skill level 8 in Shapeshifting
  9105 | D:9      | Reached skill level 7 in Dodging
  9108 | D:9      | Found a staircase to the Lair.
  9274 | D:9      | Found a staircase to the Orcish Mines.
  9314 | D:9      | Noticed a green ugly thing
  9323 | D:9      | Killed a green ugly thing
  9324 | D:9      | Reached skill level 9 in Shapeshifting
  9355 | D:9      | Reached skill level 8 in Dodging
  9458 | D:9      | Reached XP level 11. HP: 74/77 MP: 14/14
  9639 | D:9      | Reached skill level 10 in Shapeshifting
  9649 | D:9      | Reached *** piety under Wu Jian
  9712 | D:9      | Noticed a two-headed ogre
  9725 | D:9      | Killed a two-headed ogre
  9817 | D:9      | Found a hide-covered altar of Uskayaw.
 10088 | D:9      | Killed a two-headed ogre
 10092 | D:10     | Entered Level 10 of the Dungeon
 10101 | D:9      | Reached skill level 11 in Shapeshifting
 10148 | D:10     | Noticed Fannar
 10251 | D:10     | Identified a scroll of acquirement
 10253 | D:10     | Acquired the +1 hat of Death's Door {rElec Regen+ Int-2
                  | Dex+3}
 10286 | D:10     | Found a flagged portal.
 10293 | Bailey   | Entered a bailey
 10506 | Bailey   | Reached **** piety under Wu Jian
 10866 | Bailey   | Identified the staff of Hacking and Slashing {rN+ Str+2
                  | Necro}
 11121 | D:10     | Noticed a two-headed ogre
 11152 | D:10     | Killed a two-headed ogre
 11428 | D:10     | Killed Fannar
 11787 | Lair:1   | Entered Level 1 of the Lair of Beasts
 11798 | Lair:1   | Reached XP level 12. HP: 78/84 MP: 15/15
 11807 | Lair:1   | Reached skill level 5 in Stealth
 12270 | Lair:1   | Reached skill level 12 in Shapeshifting
 12372 | Lair:1   | Reached skill level 9 in Dodging
 12372 | Lair:1   | Reached skill level 6 in Stealth
 12413 | Lair:1   | Reached skill level 9 in Fighting
 12486 | Lair:1   | Acquired 602 gold pieces
 12560 | D:9      | Bought 3 scrolls of teleportation for 144 gold pieces
 12560 | D:9      | Bought a serpent talisman for 480 gold pieces
 12696 | Lair:1   | Reached skill level 6 in Unarmed Combat
 13244 | Lair:1   | Reached ***** piety under Wu Jian
 14110 | Lair:2   | Reached skill level 7 in Unarmed Combat
 14730 | Lair:2   | Reached skill level 1 in Shields
 14898 | Lair:2   | Reached skill level 10 in Fighting
 14966 | Lair:2   | Reached skill level 10 in Dodging
 15357 | D:5      | Reached XP level 13. HP: 92/92 MP: 16/16
 15383 | D:5      | Killed YordlordTheGreat's ghost
 15462 | D:6      | Killed temitten's ghost
 15463 | D:6      | Reached skill level 2 in Shields
 16565 | Lair:3   | Found a hole to the Spider Nest.
 16631 | Lair:3   | Reached skill level 8 in Unarmed Combat
 16953 | Lair:3   | Found a staircase to the Shoals.
 17429 | Lair:4   | Found a frozen archway.
 17442 | Lair:4   | Reached skill level 9 in Unarmed Combat
 17456 | IceCv    | Entered an ice cave
 17580 | Lair:4   | Reached ****** piety under Wu Jian
 17722 | Lair:4   | Reached skill level 11 in Fighting
 17757 | Lair:4   | Reached skill level 11 in Dodging
 17983 | Lair:4   | Reached skill level 10 in Unarmed Combat
 18366 | Lair:4   | Reached XP level 14. HP: 92/101 MP: 17/17
 18737 | Lair:5   | Entered Level 5 of the Lair of Beasts
 19206 | D:11     | Noticed Josephine
 19209 | D:11     | Killed Josephine
 19624 | D:11     | Reached skill level 11 in Unarmed Combat
 19897 | D:12     | Noticed Rupert
 19992 | D:12     | Killed Rupert
 19993 | D:12     | Reached skill level 12 in Fighting
 20301 | D:12     | Reached skill level 12 in Dodging
 20386 | D:12     | Noticed Nergalle
 20392 | D:12     | Killed Nergalle
 20934 | Orc:1    | Entered Level 1 of the Orcish Mines
 21067 | Orc:1    | Gained mutation: You occasionally lose the ability to drink
                  | potions when taking damage. [potion of mutation]
 21068 | Orc:1    | Lost mutation: You occasionally lose the ability to drink
                  | potions when taking damage. [potion of mutation]
 21068 | Orc:1    | Gained mutation: You are partially covered in iridescent
                  | scales. (AC +2) [potion of mutation]
 21068 | Orc:1    | Gained mutation: You occasionally lose the ability to drink
                  | potions when taking damage. [potion of mutation]
 21140 | Orc:1    | Paralysed by an orc sorcerer for 3 turns
 21443 | Orc:2    | Entered Level 2 of the Orcish Mines
 21457 | Orc:2    | Found a staircase to the Elven Halls.
 22293 | Orc:2    | Paralysed by an orc sorcerer for 4 turns
 22332 | Orc:2    | Reached skill level 13 in Shapeshifting
 23242 | Orc:2    | Found Mohew's Jewellery Shoppe.
 23247 | Orc:2    | Found Poivays's Armour Shop.
 23254 | Orc:2    | Found Qiorchosaf's Distillery.
 23256 | Orc:2    | Found Dorph's Weapon Shoppe.
 23305 | Orc:2    | Bought a +4 ring of protection for 504 gold pieces
 23305 | Orc:2    | Bought a +4 ring of protection for 504 gold pieces
 23320 | Orc:2    | Bought a potion of mutation for 88 gold pieces
 23320 | Orc:2    | Bought a potion of mutation for 88 gold pieces
 23321 | Orc:2    | Lost mutation: You occasionally lose the ability to drink
                  | potions when taking damage. [potion of mutation]
 23321 | Orc:2    | Lost mutation: You are partially covered in iridescent
                  | scales. (AC +2) [potion of mutation]
 23321 | Orc:2    | Gained mutation: One of your tentacles bears a spike.
                  | [potion of mutation]
 23321 | Orc:2    | Gained mutation: Your mind is acute. (Int +4, Str/Dex -1)
                  | [potion of mutation]
 23569 | D:11     | Reached skill level 13 in Fighting
 23602 | D:11     | Reached skill level 13 in Dodging
 23666 | D:11     | Reached XP level 15. HP: 96/110 MP: 18/18
 24257 | D:13     | Found a runed translucent door.
 24665 | D:14     | Reached skill level 14 in Shapeshifting
 25025 | D:14     | Reached skill level 14 in Fighting
 25039 | D:14     | Found a gate to the Vaults.
 25129 | D:15     | Entered Level 15 of the Dungeon
 25218 | D:15     | Reached skill level 14 in Dodging
 25350 | D:15     | Found Rischuzik's Weapon Shoppe.
 25356 | D:15     | Found an opulent altar of Gozag.
 25918 | D:15     | Reached XP level 16. HP: 113/119 MP: 19/19
 27002 | D:15     | Found a staircase to the Depths.
 27150 | D:15     | Identified the +1 whip "Trog's Righteous Fury" {venom,
                  | rPois Dex+3}
 27160 | D:15     | Found a faded altar of an unknown god.
 27165 | D:15     | Found a hazy altar of Hepliaklqana.
 27481 | Shoals:1 | Entered Level 1 of the Shoals
 27481 | Shoals:1 | Noticed Frances
 27486 | Shoals:1 | Killed Frances
 27582 | Shoals:1 | Reached skill level 15 in Fighting
 27698 | Shoals:1 | Noticed Mlioglotl
 27708 | Shoals:1 | Gained mutation: You are vulnerable to heat. (rF-) [a
                  | neqoxec]
 27709 | Shoals:1 | Killed Mlioglotl
 27749 | Shoals:1 | Reached skill level 15 in Dodging
 28001 | Shoals:1 | Reached skill level 15 in Shapeshifting
 28027 | Shoals:1 | Learned a level 2 spell: Blink
 28031 | Shoals:1 | Learned a level 3 spell: Passwall
 28036 | Shoals:1 | Learned a level 4 spell: Vhi's Electric Charge
 28165 | Shoals:2 | Lost mutation: Your mind is acute. (Int +4, Str/Dex -1)
                  | [potion of mutation]
 28165 | Shoals:2 | Lost mutation: You are vulnerable to heat. (rF-) [potion of
                  | mutation]
 28165 | Shoals:2 | Lost mutation: One of your tentacles bears a spike. [potion
                  | of mutation]
 28165 | Shoals:2 | Gained mutation: Your body sometimes deteriorates upon
                  | taking damage. [potion of mutation]
 28288 | Shoals:2 | Noticed Polyphemus
 28963 | Shoals:2 | Reached skill level 16 in Shapeshifting
 28974 | Shoals:2 | Noticed Ilsuiw
 29240 | Shoals:2 | Noticed a kraken
 29564 | Shoals:3 | Noticed Roxanne
 29591 | Shoals:3 | Killed Roxanne
 29873 | Shoals:3 | Reached XP level 17. HP: 127/127 MP: 20/20
 29882 | Shoals:3 | Reached skill level 17 in Shapeshifting
 30366 | Shoals:2 | Killed Ilsuiw
 30636 | Shoals:2 | Killed Polyphemus
 30668 | Shoals:2 | Killed a kraken
 30840 | Shoals:4 | Entered Level 4 of the Shoals
 31062 | Shoals:4 | Reached skill level 18 in Shapeshifting
 31252 | Shoals:4 | Paralysed by an air elemental for 1 turns
 31256 | Shoals:4 | Paralysed by an air elemental for 1 turns
 31258 | Shoals:4 | Paralysed by an air elemental for 1 turns
 31526 | Shoals:4 | Noticed a titan
 31536 | Shoals:4 | Killed a titan
 31537 | Shoals:4 | Reached skill level 19 in Shapeshifting
 31608 | Shoals:4 | Got a barnacled rune of Zot
 31711 | Shoals:4 | Paralysed by an air elemental for 1 turns
 32011 | Spider:1 | Entered Level 1 of the Spider Nest
 32294 | Spider:1 | Reached XP level 18. HP: 134/134 MP: 21/21
 32674 | Spider:1 | Reached skill level 20 in Shapeshifting
 33270 | Spider:2 | Noticed Agnes
 33275 | Spider:2 | Killed Agnes
 34081 | Spider:3 | Identified the +4 flail "Mimon" {elec, rElec rPois rF+++
                  | rC-}
 34507 | Spider:3 | Found a runed translucent door.
 34509 | Spider:3 | Noticed Minguic's ghost (adept TrHW)
 34563 | Spider:3 | Identified the +0 chain mail "Jifuoh" {Str+5}
 34787 | Spider:3 | Killed Minguic's ghost
 34828 | Spider:4 | Entered Level 4 of the Spider Nest
 35193 | Spider:4 | Reached skill level 12 in Unarmed Combat
 35266 | Spider:4 | Reached XP level 19. HP: 141/141 MP: 0/22
 35363 | Spider:4 | Noticed Nikola
 35377 | Spider:4 | Killed Nikola
 35595 | Spider:4 | Got a gossamer rune of Zot
 35819 | Elf:1    | Entered Level 1 of the Elven Halls
 35822 | Elf:1    | Paralysed by an air elemental for 1 turns
 35843 | Elf:1    | Identified the serpent talisman of the Solstice {Str+3
                  | Int+7}
 35843 | Elf:1    | Noticed Aizul
 35865 | Elf:1    | Killed Aizul
 36001 | Elf:1    | Reached skill level 16 in Fighting
 36006 | Elf:1    | Reached skill level 16 in Dodging
 36126 | Elf:1    | Found a runed translucent gate.
 36126 | Elf:1    | Found a runed translucent gate.
 36126 | Elf:1    | Found a runed translucent gate.
 36139 | Elf:1    | Found an opulent altar of Gozag.
 36143 | Elf:1    | Noticed Leissi's ghost (adept DjHW)
 36152 | Elf:1    | Found Dymof's Assorted Antiques.
 36394 | Elf:1    | Got the Tome of Gases
 36410 | Elf:1    | Noticed Kirke
 36564 | Elf:1    | Killed Kirke
 36674 | Elf:2    | Reached skill level 21 in Shapeshifting
 36705 | Elf:2    | Paralysed by an orc sorcerer for 4 turns
 36918 | Elf:2    | Paralysed by an air elemental for 1 turns
 36988 | Elf:2    | Found a runed translucent gate.
 36989 | Elf:2    | Found a runed translucent gate.
 36989 | Elf:2    | Found a runed translucent gate.
 37215 | Elf:3    | Entered Level 3 of the Elven Halls
 37539 | Elf:3    | Paralysed by an air elemental for 1 turns
 37556 | Elf:3    | Noticed a Brimstone Fiend
 37585 | Elf:3    | Reached skill level 13 in Unarmed Combat
 38094 | Elf:3    | Identified the +6 hand axe of the Living Dead {pain, rPois
                  | Dex+6 Stlth-}
 38095 | Abyss:3  | Cast into level 3 of the Abyss (a deep elf sorcerer)
 38115 | Elf:3    | Escaped the Abyss
 38142 | Elf:3    | Paralysed by an air elemental for 1 turns
 38258 | Elf:3    | Identified the ring of Mysticism {rC+ rN+}
 38398 | Elf:3    | Reached XP level 20. HP: 149/149 MP: 23/23
 38502 | Elf:3    | Identified the +2 spear of Cior {spect, ^Contam Str+3
                  | Dex+3}
 38618 | Elf:3    | Identified the +4 rapier "Punoir" {elec, ^Fragile rC+ rN+
                  | Int+6}
 38742 | Elf:3    | Identified the +4 falchion of the Conjuring Seeker {flame,
                  | rElec rF+ rC+ rN+}
 39391 | Elf:3    | Reached skill level 17 in Fighting
 39462 | Elf:3    | Reached skill level 17 in Dodging
 39967 | Elf:3    | Found the +7 great mace "Firestarter" {flame, immolate,
                  | rFlCloud rF++}
 39971 | Elf:3    | Identified the ring "Uwiufid" {Ice Will+ Str-3 Slay+2}
 40016 | Elf:3    | Identified the +6 flail of Glory {heavy, rF- rC- Str+8
                  | Dex+3}
 40091 | Elf:3    | Got the Spellbook of Concoctions and the Sky
 40454 | Vaults:1 | Entered Level 1 of the Vaults
 40664 | Vaults:1 | Reached skill level 14 in Unarmed Combat
 40773 | Vaults:1 | Identified the +0 scale mail of Vodoq {*Slow rPois Int+6
                  | Slay+2}
 41805 | Vaults:2 | Found Gomo's Antique Armour Emporium.
 41819 | Vaults:2 | Found a crumbling gateway.
 41827 | Desolati | Entered the Desolation of Salt
 42042 | Desolati | Reached XP level 21. HP: 157/157 MP: 24/24
 42078 | Desolati | Reached skill level 22 in Shapeshifting
 42134 | Desolati | Identified the +0 pearl dragon scales of Inviolability
                  | {rElec rF++ rN+ SInv}
 42136 | Desolati | Identified the ring "Awkoblod" {rF+ SInv}
 42155 | Desolati | Identified the +1 leather armour of Winter {rPois rN+ Will+
                  | Dex-5}
 42157 | Desolati | Identified the +7 hand axe of Xom, Growing {chaos, rF+ rN+}
 42306 | Desolati | Identified the ring of Woshuj {rPois rCorr Int+3 Dex+2}
 42377 | Desolati | Got Jevycoma's Octavo of Hindering Breath
 42569 | Vaults:2 | Reached skill level 15 in Unarmed Combat
 42643 | Vaults:2 | Found Didd's Book Shoppe.
 42816 | Vaults:2 | Found a staircase to the Crypt.
 43020 | Vaults:2 | Reached skill level 18 in Dodging
 43025 | Vaults:2 | Reached skill level 18 in Fighting
 43679 | Crypt:1  | Entered Level 1 of the Crypt
 44191 | Crypt:1  | Noticed Zenata
 44206 | Crypt:1  | Killed Zenata
 44644 | Crypt:2  | Noticed Vv
 44669 | Crypt:2  | Killed Vv
 44675 | Crypt:2  | Reached XP level 22. HP: 165/165 MP: 25/25
 44748 | Crypt:2  | Noticed Boris
 44757 | Crypt:2  | Killed Boris
 45043 | Crypt:2  | Reached skill level 23 in Shapeshifting
 45274 | Crypt:3  | Entered Level 3 of the Crypt
 45543 | Crypt:3  | Reached skill level 16 in Unarmed Combat
 45795 | Crypt:3  | Identified the staff "Doemmer" {rPois Str+3 Conj}
 45811 | Crypt:3  | Found a staircase to the Tomb.
 46263 | Crypt:3  | Found an ancient bone altar of Kikubaaqudgha.
 46394 | Crypt:3  | Identified the ring "Qaazxuno" {rElec rPois rC+ Str+2
                  | Int+4}
 46405 | Crypt:3  | Identified the staff "Noecluit" {rF++ Str-4 Conj}
 46416 | Crypt:3  | Noticed a dread lich
 46428 | Crypt:3  | Killed a dread lich
 47340 | Vaults:3 | Found Ykkis's Armour Boutique.
 47437 | Vaults:3 | Identified the storm talisman of Facrul {rN+ Int+3 Stlth-}
 47437 | Vaults:3 | Noticed Sojobo
 47443 | Vaults:3 | Killed Sojobo
 47445 | Vaults:3 | Reached skill level 19 in Fighting
 47445 | Vaults:3 | Reached skill level 19 in Dodging
 47560 | Vaults:3 | Reached XP level 23. HP: 174/174 MP: 26/26
 47786 | Vaults:3 | Identified the ring "Pesh" {rPois Str+2}
 47840 | Vaults:3 | Identified the +3 leather armour of the Zebrataur {rPois}
 48433 | Vaults:4 | Reached skill level 24 in Shapeshifting
 49319 | Depths:1 | Entered Level 1 of the Depths
 49337 | Depths:1 | Reached skill level 1 in Translocations
 49370 | Depths:1 | Found a transporter.
 49371 | Depths:1 | Found a transporter.
 49371 | Depths:1 | Noticed Xiaz's ghost (veteran KoBr)
 49373 | Depths:1 | Identified the +1 great mace of Coxteum {venom, rElec}
 49374 | Depths:1 | Found a one-way gate to the infinite horrors of the Abyss.
 49498 | Depths:1 | Reached skill level 2 in Translocations
 49503 | Depths:1 | Reached skill level 4 in Evocations
 49581 | Depths:1 | Found a one-way gateway to a ziggurat.
 49616 | Depths:1 | Found a gateway to Hell.
 49727 | Depths:1 | Reached skill level 17 in Unarmed Combat
 49782 | Depths:1 | Found a shimmering blue altar of Sif Muna.
 49960 | Depths:1 | Reached skill level 3 in Translocations
 50111 | Depths:1 | Found an ornate altar of the Wu Jian Council.
 50198 | Depths:1 | Found an iron altar of Okawaru.
 50264 | Depths:2 | Noticed Grunn
 50270 | Depths:2 | Reached skill level 5 in Evocations
 50440 | Depths:2 | Reached skill level 4 in Translocations
 50443 | Depths:2 | Killed Grunn
 50670 | Depths:2 | Reached skill level 6 in Evocations
 50816 | Depths:2 | You are sucked into a shaft and drop 2 floors!
 50816 | Depths:4 | Entered Level 4 of the Depths
 50825 | Depths:4 | Reached skill level 5 in Translocations
 50866 | Depths:4 | Reached XP level 24. HP: 176/181 MP: 26/26
 51020 | Depths:4 | Reached skill level 7 in Evocations
 51047 | Depths:4 | Noticed a caustic shrike
 51056 | Depths:4 | Killed a caustic shrike
 51204 | Depths:4 | Noticed a juggernaut
 51212 | Depths:4 | Killed a juggernaut
 51213 | Depths:4 | Reached skill level 6 in Translocations
 51628 | Depths:4 | Reached skill level 8 in Evocations
 51684 | Depths:4 | Reached skill level 7 in Translocations
 51709 | Depths:4 | Found a gate to the Realm of Zot.
 51962 | Depths:4 | Got a midnight gem with 470 turns to spare
 52287 | Depths:3 | Found a glowing silver altar of Zin.
 52287 | Depths:3 | Found a white marble altar of Elyvilon.
 52287 | Depths:3 | Found a glowing golden altar of the Shining One.
 52411 | Depths:3 | Found Naploam's Antique Weapon Shop.
 52411 | Depths:3 | Found Bedaicw's Antique Weapon Boutique.
 52812 | Depths:3 | Reached skill level 9 in Evocations
 53601 | Depths:2 | Noticed a caustic shrike
 53624 | Depths:2 | Killed a caustic shrike
 53692 | Depths:2 | Identified the +6 scimitar "Uvanoan" {venom, ^Fragile rN++}
 53794 | Depths:2 | Found a one-way gate leading to the halls of Pandemonium.
 53805 | Depths:2 | Reached skill level 8 in Translocations
 54187 | Vaults:5 | Entered Level 5 of the Vaults
 54188 | Vaults:5 | Found Igopaitu's Magic Scroll Shoppe.
 54214 | Vaults:5 | Reached skill level 20 in Fighting
 54487 | Vaults:5 | Reached skill level 20 in Dodging
 54716 | Vaults:5 | Reached skill level 10 in Evocations
 54740 | Vaults:5 | Reached XP level 25. HP: 189/189 MP: 26/26
 55020 | Vaults:5 | Reached skill level 9 in Translocations
 55176 | Vaults:5 | Noticed a dread lich
 55180 | Vaults:5 | Killed a dread lich
 55213 | Vaults:5 | Found Optemium's Antique Armour Shoppe.
 55246 | Vaults:5 | Identified the +1 pair of boots "Pezuah" {Rampage rCorr}
 55257 | Vaults:5 | Identified the amulet of Faduntoi {Acrobat Dex+4}
 55292 | Vaults:5 | Identified the +5 hand axe of Queroc {protect, Will- MP+9
                  | Str+3 Dex+6}
 55307 | Vaults:5 | Reached skill level 18 in Unarmed Combat
 55327 | Vaults:5 | Reached skill level 11 in Evocations
 55395 | Vaults:5 | Reached skill level 10 in Translocations
 55711 | Vaults:5 | Noticed an ancient lich
 55721 | Vaults:5 | Killed an ancient lich
 55724 | Vaults:5 | Reached skill level 25 in Shapeshifting
 55793 | Vaults:5 | Identified the staff of the Big Bang {rC- rN+ Int+5 Earth}
 55795 | Vaults:5 | Got a silver rune of Zot
 55799 | Vaults:5 | Got the Folio of the Blasted Chill
 55800 | Vaults:5 | Identified the +3 orcbow of the Inquisitive Songs {flame,
                  | Will+ MP+9}
 56003 | Vaults:5 | Identified the +5 rapier "Ogreslayer" {drain, rElec rPois
                  | Dex+4 Stlth+}
 56467 | Zig:1    | Entered Level 1 of a ziggurat
 56500 | Zig:2    | Entered Level 2 of a ziggurat
 56622 | Zig:3    | Entered Level 3 of a ziggurat
 56626 | Zig:3    | Found the +4 Cigotuvi's embrace {Corpsefed rMiasma ^Drain
                  | rN+}
 56637 | Zig:3    | Reached XP level 26. HP: 198/198 MP: 26/26
 56642 | Zig:4    | Entered Level 4 of a ziggurat
 56663 | Zig:4    | Reached XP level 27. HP: 192/203 MP: 26/26
 56673 | Zig:5    | Entered Level 5 of a ziggurat
 56678 | Zig:5    | Noticed Ocran the pandemonium lord
 56690 | Zig:5    | Killed Ocran the pandemonium lord
 56691 | Zig:5    | Reached skill level 19 in Unarmed Combat
 56710 | Zig:6    | Entered Level 6 of a ziggurat
 56734 | Zig:6    | Identified the +7 sling of Banex {freeze, rElec rPois}
 56746 | Zig:7    | Entered Level 7 of a ziggurat
 56768 | Zig:7    | Identified the amulet "Ilipeimm" {Acrobat rF+ Slay+3
                  | Stlth+}
 56790 | Zig:7    | Identified the +5 scimitar "Zov Kut" {speed, *Noise rElec
                  | rPois rCorr}
 56791 | Zig:7    | Identified the +3 arbalest of the Conjuring Gods {drain,
                  | rN+ Dex+2 SInv}
 56802 | Zig:8    | Entered Level 8 of a ziggurat
 56866 | Zig:9    | Entered Level 9 of a ziggurat
 56884 | Zig:9    | Reached skill level 26 in Shapeshifting
 56924 | Zig:10   | Entered Level 10 of a ziggurat
 56998 | Zig:10   | Identified the amulet "Gecel" {Reflect Int+2 SH+5}
 57091 | Zot:1    | Entered Level 1 of the Realm of Zot
 57141 | Zot:1    | Reached skill level 21 in Fighting
 57223 | Zot:1    | Reached skill level 21 in Dodging
 57357 | Zot:1    | Noticed an orb of fire
 57360 | Zot:1    | Gained mutation: You are clumsy. (Dex -2) [an orb of fire]
 57363 | Zot:1    | Killed an orb of fire
 57544 | Zot:1    | Reached skill level 20 in Unarmed Combat
 57562 | Zot:1    | You are sucked into a shaft and drop 1 floor!
 57820 | Zot:1    | Acquired 573 gold pieces
 58027 | Zot:1    | Noticed an ancient lich
 58031 | Zot:1    | Killed an ancient lich
 58135 | Zot:1    | Noticed Parghit
 58151 | Zot:1    | Killed Parghit
 58152 | Zot:1    | Noticed a dread lich
 58384 | Zot:1    | Killed a dread lich
 58385 | Zot:1    | Reached skill level 27 in Shapeshifting
 58852 | Zot:2    | Reached skill level 21 in Unarmed Combat
 58976 | Zot:2    | Noticed Qebu's ghost (legendary GrFi)
 59078 | Zot:2    | Found a runed translucent door.
 59759 | Zot:2    | Killed Qebu's ghost
 60085 | Zot:3    | Reached skill level 22 in Fighting
 60100 | Zot:3    | Reached skill level 22 in Dodging
 60442 | Zot:3    | Reached skill level 22 in Unarmed Combat
 60756 | Zot:4    | Identified the orb of Ziuse {light, Harm}
 61382 | Zot:4    | Found a runed translucent gate.
 61383 | Zot:4    | Found a runed translucent gate.
 61383 | Zot:4    | Found a runed translucent gate.
 61386 | Zot:4    | Noticed Befigh's ghost (legendary HOFi)
 61515 | Zot:5    | Entered Level 5 of the Realm of Zot
 61675 | Zot:5    | Noticed an orb of fire
 61679 | Zot:5    | Killed an orb of fire
 62033 | Zot:5    | Noticed an orb of fire
 62038 | Zot:5    | Killed an orb of fire
 62470 | Zot:5    | Noticed a dread lich
 62473 | Zot:5    | Noticed a dread lich
 62473 | Zot:5    | Noticed an orb of fire
 62473 | Zot:5    | Noticed a dread lich
 62478 | Zot:5    | Got the Orb of Zot
 62485 | Zot:5    | Noticed an orb of fire
 62490 | Zot:5    | Noticed an orb of fire
 62497 | Zot:5    | Gained mutation: You have supernaturally acute eyesight.
                  | (SInv) [an orb of fire]
 62501 | Zot:5    | Gained mutation: You are frail. (-10% HP) [an orb of fire]
 62524 | Zot:5    | Killed an orb of fire
 62567 | Zot:4    | Noticed Ynist the pandemonium lord
 62572 | Zot:4    | Killed Ynist the pandemonium lord
 62719 | Depths:1 | Reached skill level 23 in Fighting
 62851 | D:12     | Reached skill level 23 in Dodging
 62851 | D:12     | Reached skill level 23 in Unarmed Combat
 63053 | D:4      | Noticed Orabbaa the pandemonium lord
 63120 | D:$      | Escaped with the Orb!

Illustrated notes

Levels and vault maps discovered:
D:1:      nzn_arrival_depleted_hourglass, layout_rooms, minmay_misc_feat_cross
D:2:      layout_loops_ring, shapermc_ecumenical_altar_totnotflames,
          kennysheep_generic_room_5
D:3:      layout_basic, fedhas_altar_fruit_tree, uniq_terence, uniq_ijyb
D:4:      minmay_general_purpose_star, layout_gridville,
          mainiacjoe_overflow_catwalk, grunt_ashenzari_visionary
          [grunt_ashenzari_visionary_shoals, grunt_ashenzari_visionary_spider],
          kennysheep_generic_room_8
D:5:      layout_loops_corners, grunt_temple_overflow_open,
          minmay_temple_entry_slanted, biasface_ghost_orc_armoury, serial_shops,
          shop, serial_bayou_lagoon_a, serial_bayou_pond_b,
          kennysheep_cluttered_room
D:6:      cheibrodos_fertilizer, layout_basic, ebering_ghost_sewer_d,
          nicolae_shop_dragon_depot, nrook_pool_corridor, uniq_blork_the_orc
D:7:      layout_gridville, grunt_dithmenos_smoke_and_mirrors, serial_demonic,
          serial_demonic_d, serial_demonic_c, serial_demonic_d, serial_demonic_b
D:8:      layout_cave_pools, lemuel_blue_sif_altar, uniq_pikel, uniq_joseph
D:9:      minmay_spotlight, layout_basic, nicolae_uskayaw_dance_studio,
          hellmonk_lair_entry_icy, david_orc_5, serial_shops, shop,
          grunt_decor_one_mirror
D:10:     layout_small_grid, enter_bailey_3, uniq_fannar
D:11:     minmay_the_grid_triangle_9x9_line_8_mashed
          [minmay_the_grid_triangle_9x9_limited_checkers,
          minmay_the_grid_triangle_9x9_longest,
          minmay_the_grid_triangle_9x9_wacky_v,
          minmay_the_grid_triangle_9x9_sprig,
          minmay_the_grid_triangle_9x9_shrine,
          minmay_the_grid_triangle_9x9_steps,
          minmay_the_grid_triangle_9x9_thin_v,
          minmay_the_grid_triangle_9x9_prize_insulated], layout_rooms,
          hangedman_tell_no_tales, uniq_josephine
D:12:     layout_basic, uniq_nergalle, uniq_rupert
D:13:     layout_gridville, minmay_crystal_box
D:14:     layout_gridville, david_vaults_4, amcnicky_mini_rare_corridor_liquid
D:15:     gammafunk_depths_entry_grave, layout_small_grid, serial_shops,
          nicolae_shop_crystal, nicolae_gozag_cash_rules_everything_around_me,
          beargit_hepliaklqana_dungeon_heroes
Temple:   chequers_temple_sunken
Lair:1:   layout_small_grid, special_room [special_room_bee],
          chequers_serial_rivers_large_a, lemuel_fruit_tree,
          infiniplex_staircase_pool_2
Lair:2:   layout_loops_ring, grunt_megastairs_4, serial_bayou_shore_a
Lair:3:   layout_chaotic_city, minmay_shoals_entry_hut,
          hellmonk_spider_entry_not_the_bees, grunt_forest_small_clearing_treed
Lair:4:   layout_gridlike, portal_ice_cave_entry_imps, grunt_megastairs_3
Lair:5:   hangedman_lair_tendril_chambers, layout_regular_city,
          minmay_slime_entry_pillars
Shoals:1: layout_shoals, nicolae_shoals_spring_well_temple, uniq_frances,
          uniq_mlioglotl
Shoals:2: layout_shoals, uniq_polyphemus, uniq_ilsuiw
Shoals:3: layout_shoals, uniq_roxanne
Shoals:4: shoals_end_hellmonk_storm_palace [storm_palace_center_ruins,
          storm_palace_corner_grid, storm_palace_corner_pillars,
          storm_palace_corner_pillars, storm_palace_corner_blocked]
Spider:1: layout_chambers
Spider:2: layout_spider_delve, worms_lemuel, uniq_agnes
Spider:3: layout_spider_delve, gammafunk_ghost_grave,
          nicolae_spider_not_touching_you
Spider:4: spider_rune_water, uniq_nikola
Orc:1:    layout_diamond_mine, basic_altar
Orc:2:    st_orc_elflike, layout_diamond_mine, basic_altar,
          regret_index_minedec_shroomtown_chain, nicolae_orc_crystal_seam
Elf:1:    nicolae_elf_arrival_aired_out, layout_loops_cross,
          ebering_ghost_gozag, nicolae_elf_shapeshifter_party,
          lemuel_flamethrower_3, uniq_kirke, uniq_aizul
Elf:2:    nicolae_elf_blades_crystal_corner, layout_geoelf_grid
Elf:3:    nooodl_elf_gasket, layout_geoelf_diagonals
Vaults:1: hangedman_vaults_trim, nicolae_vaults_bisected_slash, v_misc_5,
          nicolae_vaults_wrenched, ontoclasm_vaults_claustrophobia,
          nicolae_vaults_cochlea, nicolae_vaults_little_squares_3,
          lightli_church_of_beogh, nicolae_vaults_circle_grid_b,
          nicolae_vaults_storage_closets_1, serial_library_hellmonk_open_square,
          vaults_standard_mumra_lines, nicolae_vaults_theta, layout_vaults_ring
Vaults:2: portal_desolation_entry_garden, v_pattern_2, vaults_mumra_lcd,
          nicolae_vaults_trapezoid_3, nicolae_vaults_weapon_check,
          minmay_crypt_entry_simple_statues, nicolae_vaults_tetromino_Z_1,
          nicolae_vaults_variable_pillar_hall, layout_vaults_omnigrid,
          serial_shops, nicolae_shop_advertising_works
          [nicolae_subvault_shop_adworks], nicolae_shop_stone
Vaults:3: nicolae_vaults_shipping_containers_6,
          nicolae_vaults_diagonal_hallway_9, nicolae_vaults_storage_room_glass,
          nicolae_vaults_house_1, vaults_dpeg_doors, nicolae_vaults_prndl,
          nicolae_vaults_spaceships, nicolae_vaults_closet_pinwheel_3,
          nicolae_vaults_three_branches, nicolae_vaults_offset_grid_hallway_1,
          nicolae_vaults_six-pack, v_misc_1, nicolae_vaults_trapezoid_4,
          nicolae_vaults_little_ls, nicolae_vaults_trapezoid_3,
          nicolae_vaults_little_squares_5, layout_vaults_maze, serial_shops,
          nicolae_shop_statue_plus, uniq_sojobo
Vaults:4: nicolae_vaults_trapezoid_3, nicolae_vaults_closet_pinwheel_4,
          hangedman_vaults_pinch, nicolae_vaults_apartment_2,
          nicolae_vaults_quartermaster, nicolae_vaults_frosty_reception,
          vaults_standard_mumra_x, v_alt_pattern_6, nicolae_vaults_mitosis,
          nicolae_vaults_variable_pillar_hall, layout_vaults_omnicross
Vaults:5: serial_shops
Crypt:1:  layout_basic, skrybe_necro_troll_1, grunt_crypt_arrival_split,
          uniq_zenata
Crypt:2:  layout_chaotic_city, uniq_boris, uniq_vv
Crypt:3:  quadcrypt_mu
Depths:1: layout_roguey, enter_ziggurat_c, gammafunk_ghost_smash,
          serial_library, serial_library_hellmonk_recessed_alcove,
          serial_library_hellmonk_narrow_alcove, serial_library_hellmonk_room_a,
          serial_library_hellmonk_angled_corner,
          serial_library_regret_index_double_sided,
          nicolae_wu_jian_immortal_techniques, hell_entry, abyss_entry,
          serial_sigils_hangedman_leer, okawaru_altar_gauntlet_db
Depths:2: minmay_shrinking_squares, layout_cave_pools, minmay_misc_feat_doors,
          hell_entry, rand_demon_pan_entry_5, lightli_corner_chamber,
          serial_bayou_shore_b, uniq_grunn
Depths:3: grunt_house_of_mirrors, layout_gridlike, good_gods_mini_temple,
          pf_hell_entry_tar_spiral, abyss_entry_crystal, minmay_shoptagon,
          infiniplex_staircase_pillars_2
Depths:4: grunt_zot_entry_alcove, layout_cave_pools, hell_entry,
          nicolae_tricolors, drop_trap, nicolae_kite_square_tiling_tiny,
          kilobyte_rumbling_trees
Zot:1:    hangedman_snap_crack_crunch, layout_onion_interference, uniq_parghit
Zot:2:    layout_cathedral_of_symmetry, hellmonk_ghost_big_iron
Zot:3:    layout_basic, regret_index_zotdec_wing_it
Zot:4:    evilmike_crystal_ball_defense, layout_gridlike,
          gammafunk_ghost_tricky_traps, st_stairs_8, skrybe_zot_glass_1
Zot:5:    layout_misc_corridors, nicolae_tricolors

Skill      XL: |  1  2  3  4  5  6  7  8  9 10 11 12 13 14 15 16 17 18 19 20 21 22 23 24 25 26 27 |
---------------+----------------------------------------------------------------------------------+-----
Stealth        | 1 2 3 4 6 |  6.0
Unarmed Combat | 4 5 7 10 11 12 13 14 15 16 17 18 23 | 23.1
Fighting       | 2 3 4 6 7 8 10 11 13 14 15 16 17 18 19 20 23 | 23.1
Evocations     | 1 2 3 6 10 11 | 11.0
Dodging        | 3 4 5 8 10 11 13 14 15 16 17 18 19 20 23 | 23.1
Summonings     | 1 2 3 |  3.0
Shapeshifting  | 4 6 7 9 11 12 13 14 16 19 20 21 22 23 24 25 27 | 27.0
Spellcasting   | 2 |  2.0
Shields        | 1 2 |  2.0
Translocations | 5 8 10 | 10.0

Action                     |  1- 3 |  4- 6 |  7- 9 | 10-12 | 13-15 | 16-18 | 19-21 | 22-24 | 25-27 || total
---------------------------+-------+-------+-------+-------+-------+-------+-------+-------+-------++-------
  Melee: Unarmed           |    73 |     8 |       |   109 |  1147 |  1385 |  1453 |  1222 |  1195 ||  6592
         Constrict         |    18 |    30 |    47 |   146 |   192 |   247 |   282 |    48 |       ||  1010
         Tentacles         |    10 |    25 |    58 |   237 |   403 |   489 |   491 |   108 |       ||  1821
         Punch             |     3 |     6 |    14 |    98 |   204 |   249 |   317 |   262 |   286 ||  1439
         Dagger            |       |   102 |   194 |   591 |       |       |       |       |       ||   887
         Maw               |       |       |       |    91 |   599 |       |       |       |       ||   690
         Kick              |       |       |       |       |   281 |    53 |       |       |       ||   334
  Throw: Dart              |       |     1 |       |     1 |    43 |       |       |       |       ||    45
         Boomerang         |       |     4 |    57 |    19 |     1 |       |       |       |       ||    81
   Cast: Summon Small Mamm |       |    12 |    21 |    69 |    18 |       |       |       |       ||   120
         Vhi's Electric Ch |       |       |       |       |       |       |       |       |     3 ||     3
         Blink             |       |       |       |       |       |       |       |       |     1 ||     1
 Invoke: Serpent's Lash    |       |       |       |       |    11 |    12 |     6 |     3 |     8 ||    40
         Heavenly Storm    |       |       |       |       |       |       |     2 |     1 |     2 ||     5
Ability: Lunge             |       |       |    12 |    48 |    96 |    93 |    80 |   103 |    95 ||   527
         Whirlwind         |       |       |     2 |    25 |    77 |    88 |    97 |    51 |   113 ||   453
         Begin Untransform |       |       |       |     1 |       |       |       |       |       ||     1
         Wall Jump         |       |       |       |       |     1 |     1 |       |       |     1 ||     3
         Blinkbolt         |       |       |       |       |       |       |       |    10 |    31 ||    41
  Evoke: Wand              |       |       |       |    12 |     2 |     1 |     3 |     1 |     1 ||    20
         Tin of tremorston |       |       |       |       |       |       |     2 |       |       ||     2
    Use: Scroll            |     6 |     1 |     3 |     9 |    13 |     6 |     6 |     1 |    18 ||    63
         Potion            |       |     2 |       |     3 |     6 |     2 |     4 |     1 |    10 ||    28
   Stab: Sleeping          |     9 |    15 |     6 |    14 |    26 |    24 |    15 |    22 |     4 ||   135
         Distracted        |       |       |     3 |     3 |     4 |     6 |    11 |     6 |     3 ||    36
         Paralysed         |       |       |       |     9 |       |       |       |       |       ||     9
         Invisible         |       |       |       |       |       |     8 |     5 |       |       ||    13
 Armour: Skin              |    25 |    41 |    86 |   263 |   360 |   955 |   929 |   372 |   228 ||  3259
  Dodge: Dodged            |    57 |    75 |   130 |   596 |   630 |  3241 |  2323 |  1445 |  1224 ||  9721
  Block: Buckler           |       |       |     5 |   168 |   226 |   888 |   773 |   141 |       ||  2201
         Form:             |       |       |       |     2 |       |       |       |       |       ||     2
         Blade             |       |       |       |     1 |       |     1 |       |       |       ||     2
         Maw               |       |       |       |     2 |       |       |       |       |       ||     2
         Serpent           |       |       |       |     1 |       |       |       |       |       ||     1
         Statue            |       |       |       |       |       |     1 |       |       |       ||     1
         Storm             |       |       |       |       |       |       |       |     2 |       ||     2

Table legend: (Time is in decaauts)
 A = Elapsed time spent in this place.
 B = Non-inter-level travel time spent in this place.
 C = Inter-level travel time spent in this place.
 D = Time resting spent in this place.
 E = Time spent auto-exploring this place.
 F = Levels seen in this place.
 G = Mean time per level.
                   A        B        C        D        E       F      G
               +--------+--------+--------+--------+--------+-----+--------+
         Total |  70574 |  64149 |   6425 |  11538 |  35207 |  65 | 1085.8 |
       Dungeon |  19153 |  16502 |   2651 |   2973 |   9165 |  15 | 1276.9 |
        Temple |     13 |      8 |      5 |      0 |      0 |   1 |   13.0 |
          Lair |   6378 |   5812 |    566 |   1287 |   2928 |   5 | 1275.6 |
        Shoals |   5566 |   5118 |    448 |    985 |   2284 |   4 | 1391.5 |
   Spider Nest |   5512 |   5132 |    380 |    128 |   3431 |   4 | 1378.0 |
  Orcish Mines |   2569 |   2329 |    240 |    720 |   1106 |   2 | 1284.5 |
   Elven Halls |   6548 |   6310 |    238 |   3080 |   1899 |   3 | 2182.7 |
        Vaults |   8400 |   7251 |   1149 |    524 |   4704 |   5 | 1680.0 |
         Crypt |   4480 |   4328 |    152 |    177 |   3156 |   3 | 1493.3 |
        Depths |   4294 |   3971 |    323 |    607 |   2541 |   4 | 1073.5 |
           Zot |   5368 |   5098 |    270 |    889 |   3309 |   5 | 1073.6 |
         Abyss |     28 |     28 |      0 |      0 |      0 |   1 |   28.0 |
      Ziggurat |    499 |    499 |      0 |    122 |    107 |  10 |   49.9 |
        Bailey |    729 |    729 |      0 |     19 |    165 |   1 |  729.0 |
      Ice Cave |     21 |     21 |      0 |      0 |      0 |   1 |   21.0 |
    Desolation |   1007 |   1007 |      0 |     22 |    411 |   1 | 1007.0 |
               +--------+--------+--------+--------+--------+-----+--------+

Top non-repeatable levels by time:
   Elf:3: 4425 daAuts
  Lair:1: 2429 daAuts
     D:5: 2244 daAuts
Shoals:2: 2165 daAuts
     D:9: 2111 daAuts
Vaults:1: 2110 daAuts
 Crypt:3: 2097 daAuts
Vaults:2: 2095 daAuts
   Orc:2: 1980 daAuts
     D:6: 1980 daAuts
Vaults:5: 1967 daAuts
    D:15: 1815 daAuts
Spider:1: 1781 daAuts
Shoals:4: 1515 daAuts
   Zot:1: 1513 daAuts

Table legend:
 A = Kills in this place as a percentage of kills in the entire game.
 B = Kills by you in this place as a percentage of kills by you in the entire game.
 C = Kills by friends in this place as a percentage of kills by friends in the entire game.
 D = Other kills in this place as a percentage of other kills in the entire game.
 E = Experience gained in this place as a percentage of experience gained in the entire game.
 F = Experience gained in this place divided by the number of levels of this place that you have seen.
                   A       B       C       D       E      F
               +-------+-------+-------+-------+-------+----------------------
         Total | 100.0 | 100.0 | 100.0 | 100.0 | 100.0 | 22458.4
       Dungeon |  20.1 |  20.1 | 100.0 |   0.0 |   7.6 | 7362.2
          Lair |   6.5 |   6.5 |   0.0 |   0.0 |   2.5 | 7416.6
        Shoals |   7.0 |   7.0 |   0.0 |  18.2 |   6.5 | 23851.2
   Spider Nest |   8.6 |   8.6 |   0.0 |   9.1 |   6.2 | 22499.8
  Orcish Mines |   3.2 |   3.2 |   0.0 |   0.0 |   1.1 | 7759.5
   Elven Halls |   6.0 |   6.0 |   0.0 |   0.0 |   7.3 | 35566.3
        Vaults |  15.5 |  15.5 |   0.0 |   9.1 |  22.1 | 64573.6
         Crypt |   6.9 |   6.9 |   0.0 |   9.1 |   6.6 | 32053.3
        Depths |   8.4 |   8.4 |   0.0 |  27.3 |  13.0 | 47492.0
           Zot |   9.1 |   9.1 |   0.0 |   0.0 |  19.7 | 57576.8
         Abyss |   0.0 |   0.0 |   0.0 |   0.0 |   0.0 | 208.0
      Ziggurat |   3.8 |   3.7 |   0.0 |  27.3 |   4.5 | 6608.8
        Bailey |   1.6 |   1.6 |   0.0 |   0.0 |   0.1 | 2126.0
    Desolation |   3.3 |   3.3 |   0.0 |   0.0 |   2.7 | 39359.0
               +-------+-------+-------+-------+-------+----------------------
